 Dungeon Sprint DCSS version 0.24-a0-251-g44e327ef01 (webtiles) character file.

Game seed: 3363882783953282355

2 Redear the Skirmisher (level 1, -5/26 HPs)
             Began as an Ogre Fighter on Apr 16, 2019.
             Slain by a human (6 damage)
             ... in the Dungeon (Sprint III: "The Ten Rune Challenge").
             The game lasted 00:00:30 (55 turns).

Redear the Skirmisher (Ogre Fighter)                  Turns: 55, Time: 00:00:31

Health: -5/26      AC:  3    Str: 24    XL:     1   Next: 40%
Magic:  1/1        EV:  8    Int:  9    God:
Gold:   0          SH:  8    Dex:  8    Spells: 0/0 levels left

rFire    . . .     SeeInvis .   a - +0 flail
rCold    . . .     Gourm    .   c - +0 shield
rNeg     . . .     Faith    .   b - +0 robe
rPois    .         Spirit   .   (helmet restricted)
rElec    .         Reflect  .   (no cloak)
rCorr    .         Harm     .   (gloves unavailable)
MR       .....     NoTele   +   (boots unavailable)
Stlth    +.........             (no amulet)
HPRegen  0.08/turn              (no ring)
MPRegen  0.07/turn              (no ring)

@: mighty
A: large, unfitting armour, tough skin 1
a: no special abilities


You were in the Dungeon.
You were not hungry.

You visited 1 branch

Inventory:

Hand Weapons
 a - a +0 flail (weapon)
Armour
 b - a +0 robe (worn)
 c - a +0 shield (worn)
Scrolls
 B - a scroll of blinking {@r4}
Potions
 i - 2 potions of magic
 j - a potion of berserk rage
 H - a potion of haste {@q5}
 Q - a potion of curing {@q2}
Comestibles
 z - a ration


   Skills:
 + Level 4.4 Fighting
 + Level 2.1 Maces & Flails
 + Level 3.0 Dodging
 + Level 3.0 Shields


You couldn't memorise any spells.
You didn't know any spells.
Your spell library was empty.

Dungeon Overview and Level Annotations

Branches:
Dungeon (1/1)

Altars:


Innate Abilities, Weirdness & Mutations

You are too large for most types of armour.
You have tough skin. (AC +1)


Message History

The human hits you!
* * * LOW HITPOINT WARNING * * *
The human hits you.
* * * LOW HITPOINT WARNING * * *
You take 12 damage, and have 3/26 hp.
MASSIVE DAMAGE!!
Unknown command.
You feel very mighty all of a sudden. The human barely misses you.
Your shield prevents you from hitting the human.
The human is lightly wounded.
You block the human's attack.
You closely miss the human.
The human is lightly wounded.
You block the human's attack.
You sock the human!
The human is moderately wounded.
The human hits you.
* * * LOW HITPOINT WARNING * * *
The human hits you.
You die...

▓...#......## .#
▓..##.......# .#
▓##.##.##...# ..#
##.##.###..# ..#
▓#.####.##..# ...+
▓.###..##.†## #...#
▓#.....##..###....#
###..##...##p....#
##..##...@#......#
#..###..##p#.....#
#(.# #.. ####....#
▓▓▓▓ ▓▓▓ ▓▓▓▓▓


You could see a human.

Vanquished Creatures
  4 rats (D)
4 creatures vanquished.

Notes
Turn   | Place    | Note
-------+----------+-------------------------------------------
     0 | D        | Redear the Ogre Fighter began the quest for the Orb.
     0 | D        | Reached XP level 1. HP: 24/24 MP: 1/1
    10 | D        | Reached skill level 2 in Maces & Flails
    35 | D        | Reached skill level 3 in Dodging
    35 | D        | Reached skill level 3 in Shields
    44 | D        | HP: 2/26 [human (7)]
    55 | D        | HP: 1/26 [human (2)]
    55 | D        | Slain by a human

Levels and vault maps discovered:
D:        dungeon_sprint_mu [sprint_mu_entry_cave, sprint_mu_temple_rooms,
          sprint_mu_d1_spiders, sprint_mu_d2_genie, sprint_mu_d3_branching,
          sprint_mu_orc_legion, sprint_mu_elf_gauntlet, sprint_mu_hive_nellie,
          sprint_mu_lair_fedhas, sprint_mu_vaults_butterflies,
          sprint_mu_slime_circle, sprint_mu_swamp_cave, sprint_mu_snake_twists,
          sprint_mu_blade_basic, sprint_mu_crypt_lich, sprint_mu_tomb_spiral,
          sprint_mu_vestibule_basic, sprint_mu_gehenna_hellfire,
          sprint_mu_dis_giant, sprint_mu_tartarus_statrot,
          sprint_mu_cocytus_islands, sprint_mu_zot1]

Skill      XL: |  1 |
---------------+----+-----
Maces & Flails | 2 |  2.1
Dodging        | 3 |  3.0
Shields        | 3 |  3.0
Fighting       | |  4.4

Action                   || total
-------------------------++-------
Melee: Flail             ||    15
  Use: Potion            ||     2
Armor: Robe              ||     1
Dodge: Dodged            ||     8
Block: Shield            ||     4

Table legend:
 A = Non-vault XP
 B = Vault XP
 C = Vault XP percentage of total XP
 D = Non-vault monster count
 E = Vault monster count
 F = Vault count percentage of total count
                 A         B        C        D         E       F
            +---------+---------+-------+---------+---------+-------
      Total |       0 |       4 | 100.0 |       0 |       4 | 100.0
            +---------+---------+-------+---------+---------+-------
          D |       0 |       4 | 100.0 |       0 |       4 | 100.0
            +---------+---------+-------+---------+---------+-------
